 Dungeon Crawl Stone Soup version 0.30-a0-782-ge64f9170bb (webtiles) character file.

Game seed: 6160373536840049769

72 IndexError the Shooter (level 4, -2/28 HPs)
             Began as a Gargoyle Hunter on Mar 2, 2023.
             Killed from afar by an orc wizard (4 damage)
             ... with a puff of flame
             ... on level 2 of the Dungeon.
             The game lasted 00:02:30 (1116 turns).

IndexError the Shooter (Gargoyle Hunter)            Turns: 1116, Time: 00:02:31

Health: -2/28      AC:  6    Str: 14    XL:     4   Next: 25%
Magic:  4/4        EV: 11    Int: 16    God:
Gold:   97         SH:  0    Dex: 15    Spells: 3/3 levels left

rFire   . . .      SeeInvis .    a - +0 shortbow
rCold   . . .      Faith    .    (shield currently unavailable)
rNeg    + . .      Spirit   .    c - +0 leather armour
rPois   ∞          Reflect  .    (no helmet)
rElec   +          Harm     .    (no cloak)
rCorr   .          Rampage  .    (no gloves)
Will    .....                    (no boots)
Stlth   ++                       (no amulet)
HPRegen 0.24/turn                k - +6 ring of intelligence
MPRegen 0.09/turn                (no ring)

@: no status effects
A: sickness immunity, AC +3, negative energy resistance 1, electricity
resistance, torment resistance 1, petrification resistance
a: no special abilities


You were on level 2 of the Dungeon.
You visited 1 branch of the dungeon, and saw 3 of its levels.

You collected 97 gold pieces.

Inventory:

Hand Weapons
 a - a +0 shortbow (weapon)
 b - the +5 hand axe of the Purse {drain, rElec rN++ Will+ Str-3}
   (You found it on level 2 of the Dungeon)

   Str:       It affects your strength (-3).
   rElec:     It insulates you from electricity.
   rN:        It greatly protects you from negative energy.
   Will:      It increases your willpower.
 n - a +2 dagger of venom
   (You took it off a goblin on level 1 of the Dungeon)
Armour
 c - a +0 leather armour (worn)
 r - a +0 helmet
   (You found it on level 2 of the Dungeon)
Jewellery
 k - a +6 ring of intelligence (left hand)
   (You found it on level 1 of the Dungeon)
Scrolls
 d - a scroll of teleportation {unknown}
 e - a scroll of summoning {unknown}
 f - a scroll of immolation {!r}
 g - a scroll of identify {unknown}
 o - 2 scrolls of magic mapping {unknown}
 q - a scroll of enchant weapon {unknown}
 t - a scroll of brand weapon {unknown}
Potions
 h - a potion of degeneration {unknown}
 i - a potion of cancellation {unknown}
 j - a potion of invisibility {unknown}
 l - a potion of brilliance {unknown}
 m - a potion of flight {unknown}
 p - a potion of curing {unknown}
 s - a potion of heal wounds {unknown}


   Skills:
 + Level 3.2 Fighting
 * Level 5.1 Ranged Weapons
 - Level 1.5 Dodging
 - Level 1.1 Stealth


You had 3 spell levels left.
You didn't know any spells.
Your spell library contained the following spells:

 Spells                   Type           Power      Damage    Failure   Level
 Ignite Poison            Fire/Tmut/Pois 0%         N/A       67%         3
 Kindle Blastsparks       Fire/Tloc/Air  0%         2d10      67%         3
 Freezing Cloud           Conj/Ice/Air   0%         6-21      100%        5


Dungeon Overview and Level Annotations

Branches:
Dungeon (3/15)

Altars:

Shops:
D:2 (


Innate Abilities, Weirdness & Mutations

You are immune to sickness and miasma.
Your stone body is resilient. (AC +3)
You are immune to poison.
You resist negative energy. (rN+)
You are resistant to electric shocks. (rElec)
You are resistant to unholy torment.
You are immune to petrification.


Message History

You shoot an arrow.
The arrow hits the worm but does no damage.
You shoot an arrow. The arrow closely misses the hobgoblin.
The hobgoblin barely misses you.
You shoot an arrow.
The arrow completely misses the hobgoblin.
The hobgoblin hits you.
You shoot an arrow. The arrow barely misses the worm.
The hobgoblin hits you but does no damage.
The worm barely misses you. The hobgoblin closely misses you.
You shoot an arrow. The arrow hits the worm.
The hobgoblin hits you.
You take 1 damage, and have 27/28 hp.
You shoot an arrow. The arrow hits the worm.
The worm barely misses you. The hobgoblin closely misses you.
You shoot an arrow. The arrow hits the worm.
An endoplasm comes into view.
The hobgoblin hits you.
You shoot an arrow. The arrow hits the endoplasm!
The hobgoblin hits you.
The hobgoblin hits you but does no damage.
You take 1 damage, and have 26/28 hp.
You shoot an arrow. The arrow barely misses the hobgoblin.
The hobgoblin misses you.
You shoot an arrow. The arrow hits the hobgoblin!
No target in view!
No target in view!
You climb upwards.
There is a stone staircase leading down here.
HP restored.
There is a stone staircase leading down here.
Health restored: 28 You climb downwards.
There is a stone staircase leading up here.
You shoot an arrow.
The arrow hits the orc wizard but does no damage.
The orc wizard shouts!
The orc shouts! x2
You shoot an arrow. The orc shouts!
The arrow hits the orc wizard.
The orc wizard hits you but does no damage.
The orc wizard closely misses you.
You shoot an arrow. The arrow barely misses the orc wizard.
The arrow barely misses the orc.
The orc wizard gestures at you while chanting.
You resist with some effort.
You shoot an arrow.
The arrow hits the orc wizard but does no damage.
The orc barely misses you.
You shoot an arrow. The arrow hits the orc wizard.
An orc breaks down the door.
The orc barely misses you. The orc misses you.
The orc wizard hits you but does no damage.
The orc hits you with a +0 morningstar.
You climb upwards.
There is a stone staircase leading down here.
You take 2 damage, and have 26/28 hp.
The orc closely misses you. The orc misses you.
The orc wizard hits you but does no damage.
You climb downwards.
The orc hits you with a +0 hand axe. x2
There is a stone staircase leading up here.
You take 6 damage, and have 20/28 hp.
MASSIVE DAMAGE!!
You can't go down here!
You can't go down here!
The orc wizard points at you and mumbles some strange words.
The puff of flame hits you. The orc barely misses you.
The orc closely misses you. The orc hits you with a +0 hand axe.
You climb upwards.
There is a stone staircase leading down here.
You take 5 damage, and have 15/28 hp.
Fire: a) +0 shortbow
Press: ? - help, Q - select action Shift-Dir - straight line, f - orc
Aim: an orc, wielding a +0 hand axe (62% to hit)
You shoot an arrow. The arrow barely misses the orc.
The orc wizard misses you. The orc barely misses you.
The orc hits you with a +0 hand axe. The orc barely misses you.
The orc wizard completely misses you. The orc hits you with a +0 morningstar.
You take 5 damage, and have 10/28 hp.
Fire: a) +0 shortbow
Press: ? - help, Q - select action Shift-Dir - straight line, f/p - orc
Aim: an orc, wielding a +0 hand axe (62% to hit)
You shoot an arrow. The arrow hits the orc.
The orc barely misses you. x2
The orc wizard casts a spell.
The orc wizard flickers and vanishes!
Deactivating autopickup; reactivate with Ctrl-A.
Fire: a) +0 shortbow
Press: ? - help, Q - select action Shift-Dir - straight line, f/p - orc
Aim: an orc, wielding a +0 hand axe (lightly wounded, 62% to hit)
You shoot an arrow. The arrow closely misses the orc.
The orc hits you with a +2 heavy flail!
* * * LOW HITPOINT WARNING * * *
The orc misses you. The orc closely misses you.
Something hits you but does no damage. The orc misses you.
You take 9 damage, and have 1/28 hp.
MASSIVE DAMAGE!!
Fire: a) +0 shortbow
Press: ? - help, Q - select action Shift-Dir - straight line, f/p - orc
Aim: an orc, wielding a +0 hand axe (lightly wounded, 62% to hit)
You shoot an arrow. The arrow hits the orc.
You hear some strange, mumbled words.
A puff of flame appears from out of thin air!
The puff of flame hits you.
You die...

.....##..................##
.....##.#...............##
.......÷#....[..........#
.####.....).............#
..# #.####...†.........##
#.###.# ##.............#
......# ##.........####
.#.#### ###...){...##
##.#######.....#@o.####
..............##o.....#
###.#..............>..#
.......#..............#
###.........##^########
#...###.....##.#######
............)........#
....................##
.##.#..#....#########


You could see 2 orcs.

Vanquished Creatures
  An adder (D:2)
  2 worms
  3 dart slugs
  An orc (D:2)
  5 endoplasms
  7 goblins
  3 hobgoblins
  2 jackals (D:2)
  6 kobolds
  3 quokkas
  3 ball pythons
  5 bats
  2 frilled lizards (D:1)
  4 rats
47 creatures vanquished.

Notes
Turn   | Place    | Note
-------+----------+-------------------------------------------
     0 | D:1      | IndexError the Gargoyle Hunter began the quest for the Orb.
     0 | D:1      | Reached XP level 1. HP: 12/12 MP: 1/1
    72 | D:1      | HP: 2/13 [hobgoblin (4)]
    75 | D:1      | Reached XP level 2. HP: 4/18 MP: 2/2
   578 | D:2      | Reached XP level 3. HP: 22/22 MP: 3/3
   604 | D:2      | Identified the +5 hand axe of the Purse {drain, rElec rN++
                  | Will+ Str-3}
   656 | D:2      | Reached skill level 3 in Fighting
   765 | D:2      | Found Ilexirr's Antique Weapon Shoppe.
   857 | D:2      | Reached skill level 5 in Ranged Weapons
   904 | D:2      | Reached XP level 4. HP: 27/28 MP: 4/4
   992 | D:2      | Found a faded altar of an unknown god.
  1115 | D:2      | HP: 1/28 [orc/+2 heavy flail (9)]
  1116 | D:2      | Killed from afar by an orc wizard

Illustrated notes

Levels and vault maps discovered:
D:1:      lightli_arrival_maybe_door_vault, layout_basic
D:2:      layout_rooms, serial_shops, shop,
          hellmonk_ecumenical_altar_heavens_door, minmay_fountain_box
D:3:      layout_loops_corners, gammafunk_ghost_smash, serial_bayou,
          serial_bayou_lagoon_b, serial_bayou_pond_b, serial_bayou_ford_a,
          serial_bayou_shore_b, kennysheep_generic_room_3

Skill      XL: |  1  2  3 |
---------------+----------+-----
Fighting       | 3 |  3.2
Ranged Weapons | 5 |  5.1
Dodging        | |  1.5
Stealth        | |  1.1

Action                     |  1- 3 |  4- 6 || total
---------------------------+-------+-------++-------
  Melee: Dagger            |     1 |       ||     1
         Hand axe          |     9 |       ||     9
   Fire: Shortbow          |    99 |    32 ||   131
 Armour: Leather armour    |    27 |     6 ||    33
  Dodge: Dodged            |    23 |    23 ||    46

Table legend: (Time is in decaauts)
 A = Elapsed time spent in this place.
 B = Non-inter-level travel time spent in this place.
 C = Inter-level travel time spent in this place.
 D = Time resting spent in this place.
 E = Time spent auto-exploring this place.
 F = Levels seen in this place.
 G = Mean time per level.
                   A        B        C        D        E       F      G
               +--------+--------+--------+--------+--------+-----+--------+
         Total |   1157 |   1008 |    149 |      0 |    732 |   3 |  385.7 |
       Dungeon |   1157 |   1008 |    149 |      0 |    732 |   3 |  385.7 |
               +--------+--------+--------+--------+--------+-----+--------+

Top non-repeatable levels by time:
     D:1: 586 daAuts
     D:2: 539 daAuts
     D:3: 32 daAuts

Table legend:
 A = Kills in this place as a percentage of kills in entire the game.
 B = Kills by you in this place as a percentage of kills by you in the entire game.
 C = Kills by friends in this place as a percentage of kills by friends in the entire game.
 D = Other kills in this place as a percentage of other kills in the entire game.
 E = Experience gained in this place as a percentage of experience gained in the entire game.
 F = Experience gained in this place divided by the number of levels of this place that you have seen.
                   A       B       C       D       E      F
               +-------+-------+-------+-------+-------+----------------------
         Total | 100.0 | 100.0 |   N/A |   N/A | 100.0 |  35.3
       Dungeon | 100.0 | 100.0 |   N/A |   N/A | 100.0 |  35.3
               +-------+-------+-------+-------+-------+----------------------
